 Dungeon Sprint DCSS version 0.19.1-1-g22dce08 (webtiles) character file.

581 Kagutsuchi the Fighter (level 7, -7/73 HPs)
             Began as a Grey Draconian Berserker on Dec 29, 2016.
             Was a Priest of Trog.
             Mangled by a neqoxec (12 damage)
             ... in the Dungeon (Sprint II: "The Violet Keep of Menkaure").
             The game lasted 00:02:05 (653 turns).

Kagutsuchi the Fighter (Grey Draconian Berserker)    Turns: 653, Time: 00:02:06

Health: -7/73      AC: 11    Str: 19    XL:     7   Next: 14%
Magic:  7/7        EV: 16    Int: -1 (7) God:    Trog [***...]
Gold:   486        SH:  0    Dex: 11    Spells: 0 memorised, 6 levels left

rFire  . . .     SeeInvis .     a - +0 falchion
rCold  . . .     Gourm    .     (armour unavailable)
rNeg   . . .     Faith    .     (no shield)
rPois  .         Spirit   .     (helmet restricted)
rElec  .         Reflect  .     (no cloak)
rCorr  .         Harm     .     (no gloves)
MR     .....     NoTele   +     (no boots)
Stlth  +.........               (no amulet)
                                (no ring)
                                (no ring)

@: exhausted, slowed, lost intelligence, very slow
A: walk through water, unfitting armour, blurry vision 1, clumsy 1, unbreathing,
cold-blooded, subdued magic 1, MP-powered wands, AC +11
a: Berserk, Trog's Hand, Burn Spellbooks, Renounce Religion


You were in the Dungeon.
You worshipped Trog.
Trog was most pleased with you.
You were not hungry.

You visited 1 branch You collected 486 gold pieces.

Inventory:

Hand Weapons
 a - a +0 falchion (weapon)
Scrolls
 h - a scroll of blinking
Potions
 c - a potion of curing
 e - a potion of haste
 f - 2 potions of magic
 g - a potion of berserk rage


   Skills:
 + Level 10.3 Fighting
 + Level 9.6 Long Blades
 + Level 8.4 Dodging


You had 6 spell levels left.
You didn't know any spells.

Dungeon Overview and Level Annotations

Branches:
Dungeon (1/1)

Altars:

Annotations:
D exclusion: orange crystal statue


Innate Abilities, Weirdness & Mutations

You can walk through water.
Your dull iron-grey scales are very hard. (AC +11)
You cannot fit into any form of body armour.
You can survive without breathing.
You are cold-blooded and may be slowed by cold attacks.
Scrolls take you a little longer to read.
You are clumsy. (Dex -2)
Your spells are a little easier to cast, but a little less powerful.
You expend magic power (3 MP) to strengthen your wands.


Message History

The neqoxec hits you but does no damage.
The orange crystal statue is engulfed in mutagenic fog.
You barely miss the neqoxec.
The neqoxec is severely wounded.
The white imp misses you.
The ufetubus is engulfed in mutagenic fog.
The ufetubus twists and deforms.
The neqoxec hits you.
* * * LOW HITPOINT WARNING * * *
The neqoxec barely misses you.
You riposte.
You hit the neqoxec.
The neqoxec is moderately wounded.
The orange crystal statue is engulfed in mutagenic fog.
The white imp completely misses you.
You riposte.
You closely miss the white imp.
Your tail-slap misses the white imp.
The neqoxec gestures at you.
Strange energies course through your body.
Your vision blurs.
The orange crystal statue is engulfed in mutagenic fog.
The orange crystal statue glitters topaz in the dim dungeon light.
The neqoxec hits you!
You die...

# #...# ##
#. ##'###.#
#..##.##.###
#'.<.'##.+
#..##§##†..#
#. ##'###.##
# ##.######
#5##55#
##@33# ##3##
55≈ #5§'#
§§§§# §§§§§#
8§§§§≈+
§§§§§##


You could see an orange crystal statue, 3 neqoxecs, a quasit, 2 white imps, 2
shadow imps and an ufetubus.

Vanquished Creatures
  A siren (D)
  A neqoxec (D)
  4 worker ants (D)
  3 worms (D)
9 creatures vanquished.

Vanquished Creatures (others)
  A crocodile (D)
1 creature vanquished.

Grand Total: 10 creatures vanquished

Notes
Turn   | Place    | Note
-------+----------+-------------------------------------------
     0 | D        | Kagutsuchi the Draconian Berserker began the quest for the Orb.
     0 | D        | Reached XP level 1. HP: 19/19 MP: 1/1
     5 | D        | Noticed a worker ant
     5 | D        | Noticed a worker ant
     5 | D        | Noticed a worker ant
     5 | D        | Noticed a worker ant
    11 | D        | Killed a worker ant
    11 | D        | Reached skill level 4 in Fighting
    11 | D        | Reached XP level 2. HP: 28/28 MP: 2/2
    14 | D        | Reached skill level 5 in Fighting
    14 | D        | Reached XP level 3. HP: 36/36 MP: 3/3
    15 | D        | Reached ** piety under Trog
    15 | D        | Reached skill level 5 in Long Blades
    15 | D        | Reached XP level 4. HP: 44/44 MP: 4/4
    21 | D        | Killed a crocodile
    32 | D        | Reached skill level 6 in Fighting
    32 | D        | Reached skill level 5 in Dodging
   292 | D        | Noticed a siren
   325 | D        | Killed a siren
   325 | D        | Reached skill level 9 in Fighting
   325 | D        | Reached XP level 5. HP: 33/58 MP: 5/5
   325 | D        | Reached XP level 6. HP: 38/66 MP: 6/6
   563 | D        | Reached *** piety under Trog
   620 | D        | Noticed a neqoxec
   625 | D        | Killed a neqoxec
   625 | D        | Reached skill level 10 in Fighting
   625 | D        | Your scales start taking on a dull iron-grey colour.
   625 | D        | Reached XP level 7. HP: 73/73 MP: 7/7
   625 | D        | Gained mutation: You can survive without breathing. [Grey Draconian growth]
   627 | D        | Noticed a neqoxec
   627 | D        | Gained mutation: You are clumsy. (Dex -2) [a neqoxec]
   628 | D        | Noticed a neqoxec
   628 | D        | Noticed a neqoxec
   628 | D        | Noticed an orange crystal statue
   641 | D        | Gained mutation: You expend magic power (3 MP) to strengthen your wands. [a neqoxec]
   646 | D        | Lost intelligence.
   647 | D        | Gained mutation: Your spells are a little easier to cast, but a little less powerful. [a neqoxec]
   653 | D        | Gained mutation: Scrolls take you a little longer to read. [a neqoxec]
   653 | D        | Mangled by a neqoxec

Skill      XL: |  1  2  3  4  5  6 |
---------------+-------------------+-----
Fighting       | 4 5 9 10 | 10.3
Long Blades    | 4 5 9 |  9.6
Dodging        | 4 8 |  8.4

Action                   |  1- 3 |  4- 6 |  7- 9 || total
-------------------------+-------+-------+-------++-------
Melee: Falchion          |     9 |    55 |    22 ||    86
       Tailslap          |     1 |    12 |     5 ||    18
Invok: Berserk           |     1 |     2 |       ||     3
  Use: Potion            |       |       |     1 ||     1
  Eat: Bread ration      |       |     1 |       ||     1
Armor: Skin              |     2 |     4 |    17 ||    23
Dodge: Dodged            |     6 |    24 |    30 ||    60
       Rpst.: Falchion   |     4 |    10 |     7 ||    21
